 Dungeon Crawl Stone Soup version 0.21.1-1-g345015fe64 (webtiles) character file.

343 Gargoyl the Skirmisher (level 6, -9/52 HPs)
             Began as a Centaur Abyssal Knight on Apr 16, 2018.
             Was a Believer of Lugonu.
             Mangled by an ogre
             ... wielding a +0 giant club
              (15 damage)
             ... on level 3 of the Dungeon.
             The game lasted 00:07:16 (4639 turns).

Gargoyl the Skirmisher (Centaur Abyssal Knight)     Turns: 4639, Time: 00:07:17

Health: -9/52      AC:  9    Str: 14    XL:     6   Next: 31%
Magic:  8/8        EV:  4    Int: 11    God:    Lugonu [**....]
Gold:   188        SH:  0    Dex: 11    Spells: 5/5 levels left

rFire    + . .     SeeInvis .   a - +1 hand axe
rCold    + . .     Gourm    .   (no shield)
rNeg     . . .     Faith    .   j - +0 chain mail
rPois    +         Spirit   .   (no helmet)
rElec    +         Reflect  .   (no cloak)
rCorr    +         Harm     .   e - +0 pair of gloves
MR       .....                  (no barding)
Stlth    ..........             (no amulet)
HPRegen  0.17/turn              (no ring)
MPRegen  0.11/turn              (no ring)

@: resistant, very quick
A: large, hooves 3, deformed body, speed 2, tough skin 3
a: Depart the Abyss, Bend Space, Renounce Religion


You were on level 3 of the Dungeon.
You worshipped Lugonu.
Lugonu was pleased with you.
You were very hungry.

You visited 1 branch of the dungeon, and saw 4 of its levels.
You visited the Abyss 1 time.

You collected 188 gold pieces.

Inventory:

Hand Weapons
 a - a +1 hand axe (weapon)
Missiles
 q - 3 javelins (quivered)
Armour
 e - a +0 pair of gloves (worn)
 j - a +0 chain mail (worn)
Jewellery
 m - an uncursed amulet of faith {unknown}
Wands
 t - a wand of random effects (21)
Scrolls
 f - 5 scrolls of remove curse
 g - 4 scrolls of identify
 o - 3 scrolls of teleportation
Potions
 b - a potion of degeneration {unknown}
 d - 2 potions of lignification
 h - a potion of cancellation
 i - a potion of brilliance {unknown}
 k - a potion of invisibility {unknown}
 l - a potion of resistance
 n - a potion of flight {unknown}
 s - a potion of berserk rage {unknown}
 u - a potion of heal wounds {unknown}
Comestibles
 c - 10 rations


   Skills:
 + Level 3.9 Fighting
 + Level 3.2 Axes
 * Level 3.2 Armour
 + Level 1.0 Dodging
 * Level 1.1 Stealth
 * Level 3.0 Invocations


You had 5 spell levels left.
You didn't know any spells.

Dungeon Overview and Level Annotations

Branches:
Dungeon (4/15)             Temple (0/1) D:4

Altars:


Innate Abilities, Weirdness & Mutations

You have hooves in place of feet.
Armour fits poorly on your strangely shaped body.
You cover ground very quickly.
You have extremely tough skin. (AC +3)


Message History

The ogre hits you with a giant club!!
* * * LOW HITPOINT WARNING * * *
You hit the ogre.
The ogre is moderately wounded.
The ogre barely misses you.
You barely miss the ogre.
The ogre is moderately wounded.
The ogre hits you with a giant club!
* * * LOW HITPOINT WARNING * * *
You hit the ogre. Your kick misses the ogre.
The ogre is heavily wounded.
Your chain mail prevents you from hitting the phantom.
The ogre completely misses you.
The phantom blinks!
You hit the ogre. You kick the ogre.
The ogre is severely wounded.
The ogre barely misses you.
It was a potion of resistance.
You feel protected. The ogre hits you with a giant club!
You die...

#.....#....................##
#.....##..................####
#.....###................###..
#.....# ##..............## #..
#.....# #............[#####..
####### #.#...........W.....ยง
#.##.........).....##
#.##.....[.#....O..#
#.##@.######.......#
####.##WO######.(.....##
#.............(..(.....#
#####.##....#######........#
#...........# #....####.#
#.......[...# #.##.# #.#
#...........# ##.##.# #.#
#...........# #...#.# #.#
#.......#########...#.####..


You could see a phantom and an ogre.

Vanquished Creatures
  3 hounds
  2 worker ants (D:4)
  Ijyb (D:3)
  A gnoll (D:3)
  9 adders
  An ooze (D:4)
  2 worms (D:2)
  A dart slug (D:3)
  4 leopard geckos
  An orc (D:3)
  5 bats
  2 giant cockroaches (D:2)
  11 goblins
  10 hobgoblins
  3 jackals (D:4)
  2 quokkas
  A ball python (D:2)
  A frilled lizard (D:1)
  8 kobolds
  2 leopard gecko skeletons (D:4)
  11 rats
81 creatures vanquished.

Notes
Turn   | Place    | Note
-------+----------+-------------------------------------------
     0 | Abyss:1  | Gargoyl the Centaur Abyssal Knight began the quest for the Orb.
     0 | Abyss:1  | Reached XP level 1. HP: 19/19 MP: 2/2
   109 | Abyss:1  | Noticed a frost giant zombie
   111 | D:1      | Escaped the Abyss
   206 | D:1      | Reached * piety under Lugonu
   263 | D:1      | Reached XP level 2. HP: 15/26 MP: 3/3
  1587 | D:2      | Reached XP level 3. HP: 28/31 MP: 4/4
  2185 | D:2      | Reached ** piety under Lugonu
  2216 | D:2      | Reached XP level 4. HP: 37/38 MP: 5/5
  3048 | D:3      | Reached XP level 5. HP: 42/45 MP: 6/6
  3240 | D:3      | Noticed Ijyb
  3262 | D:3      | Killed Ijyb
  3287 | D:3      | Reached skill level 1 in Dodging
  3290 | D:3      | Reached skill level 1 in Stealth
  3480 | D:4      | Found a staircase to the Ecumenical Temple.
  3798 | D:4      | Reached XP level 6. HP: 35/52 MP: 8/8
  3948 | D:4      | Reached *** piety under Lugonu
  4639 | D:3      | Mangled by an ogre

Skill      XL: |  1  2  3  4  5  6 |
---------------+-------------------+-----
Axes           | 2 3 |  3.2
Armour         | 2 3 |  3.2
Dodging        | 1 |  1.0
Stealth        | 1 |  1.1
Invocations    | 3 |  3.0
Fighting       | |  3.9

Action                   |  1- 3 |  4- 6 || total
-------------------------+-------+-------++-------
Melee: Hand axe          |   140 |   210 ||   350
       Kick              |    15 |    41 ||    56
Throw: Javelin           |       |     2 ||     2
Invok: Depart the Abyss  |     1 |       ||     1
  Use: Scroll            |     4 |     3 ||     7
       Potion            |     1 |     1 ||     2
  Eat: Chunk             |     3 |     6 ||     9
Armor: Leather armour    |    21 |       ||    21
       Chain mail        |    89 |   145 ||   234
Dodge: Dodged            |    61 |    49 ||   110
